Map: Ley Lines

Players

xyster

  • Race: Terran Terran
  • Spawn Location: 1:00

A.I. 1 (Elite) - Winner!

  • Race: Protoss Protoss
  • Spawn Location: 7:00

VOD

Have the link to the VOD?

Description

testing asap hellions

Time

  • Played on: Oct. 17, 2025, 8:32 a.m.
  • Length: 4:09
Show
View Real Time Build Order
Export as new Build Order

xyster Terran 

Build Orders:  

Get SALT Encoding   

  12  0:00  SCV  
  13  0:12  SCV  
  14  0:17  Supply Depot  
  14  0:24  SCV  
  15  0:39  SCV  
  15  0:41  Barracks  
  16  0:45  Refinery  
  16  0:52  Refinery  
  16  0:53  SCV  
  17  1:05  SCV  
  18  1:17  SCV  
  19  1:29  Orbital Command  
  19  1:32  Factory  
  19  1:41  Barracks Reactor  
  19  1:50  Supply Depot  
  19  1:57  SCV  
  20  2:09  SCV  
  21  2:26  SCV  
  21  2:27  Hellion x2  
  26  2:30  Supply Depot  
  26  2:31  Marine  
  27  2:38  SCV  
  27  2:42  Command Center  
  28  2:48  Hellion  
  30  2:52  Hellion  
  30  2:54  SCV  
  34  3:06  Barracks Tech Lab  
  34  3:07  SCV  
  34  3:19  SCV  
  35  3:27  Marine  
  35  3:29  Barracks  
  35  3:31  SCV  
  35  3:32  Factory Tech Lab  
  37  3:43  SCV  
  38  3:55  SCV  
  41  4:02  Engineering Bay  
  37  4:03  Engineering Bay  
Show
View Real Time Build Order
Export as new Build Order

A.I. 1 (Elite) Protoss - Winner!

Build Orders:  

Get SALT Encoding   

  12  0:00  Probe  
  13  0:13  Probe  
  14  0:19  Pylon  
  14  0:25  Probe  
  15  0:33  Probe  
  15  0:41  Probe  
  16  0:48  Assimilator  
  17  0:51  Probe, Gateway  
  18  1:00  Pylon, Probe  
  19  1:08  Probe  
  19  1:18  Probe  
  21  1:30  Probe  
  22  1:38  Zealot  
  24  1:42  Probe  
  24  1:46  Nexus  
  25  1:58  Cybernetics Core  
  25  2:08  Gateway  
  25  2:09  Zealot  
  25  2:15  Pylon  
  25  2:22  Probe  
  28  2:33  Assimilator  
  28  2:34  Probe  
  29  2:41  Adept  
  31  2:46  Probe  
  31  2:50  Adept  
  32  2:54  Probe  
  32  2:58  Probe  
  35  2:59  Pylon  
  35  3:02  Probe  
  35  3:11  Stalker, Adept  
  38  3:20  Probe  
  38  3:23  Probe  
  42  3:32  Probe  
  43  3:35  Probe  
  43  3:36  Robotics Facility  
  42  3:44  Probe  
  42  3:47  Probe  
  41  3:54  Probe  
Tags
 
Matchup
PvT
Spawn Locations
Cross Positions
Add a new tag
Caveats
  • Supply blocks, unpowered buildings, or Contaminate may cause inaccurate times.
  • Supply counts are checked every 10 seconds.